 Dungeon Crawl Stone Soup version 0.27-a0-695-gb4952372f7 (webtiles) character file.

Game seed: 7992708302056486551

77 Adamkad1 the Skirmisher (level 4, -1/24 HPs)
             Began as a Vine Stalker Fighter on Mar 22, 2021.
             Slain by Sigmund
             ... wielding a +2 scythe of protection
              (3 damage)
             ... on level 3 of the Dungeon.
             The game lasted 00:01:46 (1891 turns).

Adamkad1 the Skirmisher (Vine Stalker Fighter)      Turns: 1891, Time: 00:01:47

Health: -1/24      AC:  6    Str: 20    XL:     4   Next: 33%
Magic:  0/5        EV:  7    Int:  8    God:
Gold:   66         SH:  9    Dex: 13    Spells: 3/3 levels left

rFire    . . .     SeeInvis .   a - +0 flail
rCold    . . .     Faith    .   c - +0 kite shield
rNeg     . . .     Spirit   +   b - +0 scale mail
rPois    .         Reflect  .   (no helmet)
rElec    .         Harm     .   (no cloak)
rCorr    .         Rampage  .   (no gloves)
Will     .....                  (no boots)
Stlth    ..........             (no amulet)
HPRegen  1.08/turn              (no ring)
MPRegen  0.09/turn              (no ring)

@: no status effects
A: fangs 2, regeneration 1, magic shield, antimagic bite, no potion heal 3
a: no special abilities


You were on level 3 of the Dungeon.
You visited 1 branch of the dungeon, and saw 4 of its levels.

You collected 66 gold pieces.

Inventory:

Hand Weapons
 a - a +0 flail (weapon)
 e - a +0 whip
Armour
 b - a +0 scale mail (worn)
 c - a +0 kite shield (worn)
Jewellery
 f - an amulet of reflection
Scrolls
 h - a scroll of teleportation {unknown}
Potions
 g - a potion of curing {unknown}


   Skills:
 * Level 3.4 Fighting
 * Level 2.6 Maces & Flails
 + Level 2.8 Armour
 + Level 3.0 Shields


You had 3 spell levels left.
You didn't know any spells.
Your spell library contained the following spells:

 Spells                   Type           Power      Damage    Failure   Level
 Confusing Touch          Hex            0%         N/A       100%        3
 Gell's Gravitas          Tloc           0%         N/A       100%        3
 Petrify                  Tmut/Erth      0%         N/A       100%        4
 Metabolic Englaciation   Hex/Ice        0%         N/A       100%        5
 Yara's Violent Unravell  Hex/Tmut       0%         3d3       100%        5


Dungeon Overview and Level Annotations

Branches:
Dungeon (4/15)
 Temple: D:4-7

Altars:

Annotations:
D:3 Sigmund


Innate Abilities, Weirdness & Mutations

You have extremely sharp teeth.
Your natural rate of healing is unusually fast.
When hurt, damage is shared between your health and your magic reserves.
Your bite disrupts and absorbs the magic of your enemies.
Potions cannot restore your health.


Message History

Sigmund hits you with a +2 scythe of protection.
You block Sigmund's attack.
You hit Sigmund. You bite Sigmund.
Sigmund's magic leaks into the air.
You drain his magic.
You feel invigorated.
Sigmund is moderately wounded.
You block Sigmund's attack.
You closely miss Sigmund.
Sigmund is moderately wounded.
You block Sigmund's attack. x2
You closely miss Sigmund. Your bite misses Sigmund.
Sigmund is moderately wounded.
Sigmund falters for a moment.
You closely miss Sigmund.
Sigmund is moderately wounded.
Sigmund casts a spell at you. You resist with some effort.
Sigmund barely misses you.
You closely miss Sigmund.
Sigmund is moderately wounded.
Sigmund hits you with a +2 scythe of protection!
You hit Sigmund but do no damage. Your bite misses Sigmund.
Sigmund is moderately wounded.
You block Sigmund's attack.
Sigmund hits you with a +2 scythe of protection!
You barely miss Sigmund. You bite Sigmund, but do no damage.
Sigmund is moderately wounded.
Sigmund hits you with a +2 scythe of protection!
* * * LOW HITPOINT WARNING * * *
You closely miss Sigmund. You bite Sigmund, but do no damage.
Sigmund is moderately wounded.
Sigmund falters for a moment. x2
You hit Sigmund. You bite Sigmund, but do no damage.
Sigmund is moderately wounded.
You block Sigmund's attack.
You closely miss Sigmund. Your bite misses Sigmund.
Sigmund is moderately wounded.
A quokka comes into view.
Sigmund hits you with a +2 scythe of protection!
* * * LOW HITPOINT WARNING * * *
Sigmund hits you with a +2 scythe of protection.
You die...

### ..... ..#
#...# #.#
#...# #.#
#...###.######
#...#...)....#
#...#:#.####.#
#...#.#.####
+..>'.#..@.#
#...###.##@#
##### #.##.#
#.##...#
####...# ..r.#
....# #.#..#
#. ..#


You could see Sigmund and a quokka (wandering).

Vanquished Creatures
  Terence (D:2)
  2 adders
  2 leopard geckos
  5 goblins
  5 hobgoblins (D:1)
  6 bats
  A frilled lizard (D:1)
  6 kobolds
  4 rats (D:1)
32 creatures vanquished.

Notes
Turn   | Place    | Note
-------+----------+-------------------------------------------
     0 | D:1      | Adamkad1 the Vine Stalker Fighter began the quest for the
                  | Orb.
     0 | D:1      | Reached XP level 1. HP: 11/11 MP: 2/2
   342 | D:1      | Reached XP level 2. HP: 12/16 MP: 3/3
  1209 | D:1      | Reached XP level 3. HP: 20/20 MP: 4/4
  1771 | D:2      | Noticed Terence
  1792 | D:2      | Killed Terence
  1793 | D:2      | Gained mutation: Your natural rate of healing is unusually
                  | fast. [Vine Stalker growth]
  1793 | D:2      | Reached XP level 4. HP: 11/24 MP: 5/5
  1830 | D:2      | You fall into a shaft and drop 2 floors!
  1871 | D:3      | Noticed Sigmund
  1891 | D:3      | Slain by Sigmund

Illustrated notes

Levels and vault maps discovered:
D:1:      nzn_arrival_settlement, layout_rooms, minmay_misc_feat_five,
          dk_noncrumbling_4, minmay_misc_feat_secret_circle
D:2:      layout_basic, lemuel_doored_altar, chequers_serial_rivers_marsh,
          okawaru_metal_pillars_1_2, uniq_terence, uniq_crazy_yiuf_cottage
D:3:      layout_basic, kennysheep_slug_shrine, serial_corexii_hall,
          chequers_hall_statues_corner_a, corexii_hall_statues_s, uniq_sigmund
D:4:      layout_cave_pools, uniq_robin

Skill      XL: |  1  2  3 |
---------------+----------+-----
Maces & Flails | 2 |  2.6
Fighting       | 3 |  3.4
Shields        | 3 |  3.0
Armour         | |  2.8

Action                   |  1- 3 |  4- 6 || total
-------------------------+-------+-------++-------
Melee: Flail             |    86 |    20 ||   106
       Bite              |    22 |     6 ||    28
  Use: Potion            |     1 |       ||     1
Armor: Scale mail        |    62 |     4 ||    66
Dodge: Dodged            |    35 |     4 ||    39
Block: Kite shield       |    56 |    13 ||    69

Table legend: (Time is in decaauts)
 A = Elapsed time spent in this place.
 B = Non-inter-level travel time spent in this place.
 C = Inter-level travel time spent in this place.
 D = Time resting spent in this place.
 E = Time spent auto-exploring this place.
 F = Levels seen in this place.
 G = Mean time per level.
                   A        B        C        D        E       F      G
               +--------+--------+--------+--------+--------+-----+--------+
         Total |   1950 |   1931 |     19 |    292 |   1343 |   4 |  487.5 |
       Dungeon |   1950 |   1931 |     19 |    292 |   1343 |   4 |  487.5 |
               +--------+--------+--------+--------+--------+-----+--------+

Top non-repeatable levels by time:
     D:1: 1313 daAuts
     D:2: 566 daAuts
     D:3: 61 daAuts
     D:4: 8 daAuts
